 Seeded DCSS version 0.27-a0-1193-g8631133539 (webtiles) character file.

Game seed: 13914059042498094423 (custom seed)

95 karrick the Sneak (level 4, -8/30 HPs)
             Began as a Vampire Enchanter on May 27, 2021.
             Mangled by a worm (11 damage)
             ... on level 4 of the Dungeon.
             The game lasted 00:06:07 (2955 turns).

karrick the Sneak (Vampire Enchanter)               Turns: 2955, Time: 00:06:07

Health: -8/30      AC:  2    Str:  8    XL:     4   Next: 40%
Magic:  4/7        EV: 12    Int: 15    God:
Gold:   100        SH:  0    Dex: 14    Spells: 3/7 levels left

rFire    + . .     SeeInvis +   c - +1 dagger (freeze)
rCold    + . .     Faith    .   (no shield)
rNeg     . . .     Spirit   .   b - +0 robe
rPois    +         Reflect  .   (no helmet)
rElec    +         Harm     .   (no cloak)
rCorr    +         Rampage  .   (no gloves)
Will     .....                  (no boots)
Stlth    +++.......             (no amulet)
HPRegen  0.30/turn              (no ring)
MPRegen  0.10/turn              (no ring)

@: lethally poisoned (-8 -> -12), resistant, attractive, healing quickly
A: alive, fangs 3, see invisible, vampiric 2, dopey 1
a: Exsanguinate


You were on level 4 of the Dungeon.
You visited 1 branch of the dungeon, and saw 4 of its levels.

You collected 100 gold pieces.

Inventory:

Hand Weapons
 c - a +1 dagger of freezing (weapon)
Missiles
 m - a throwing net
Armour
 b - a +0 robe (worn)
Scrolls
 f - 2 scrolls of fear {unknown}
 g - 3 scrolls of teleportation {unknown}
 i - a scroll of noise {unknown}
 l - a scroll of identify {unknown}
Potions
 a - a potion of curing {unknown}
 j - 2 potions of magic {unknown}
 k - a potion of cancellation {unknown}


   Skills:
 + Level 0.1 Fighting
 + Level 1.6 Short Blades
 + Level 2.5 Dodging
 * Level 6.3 Stealth
 + Level 2.0 Spellcasting
 * Level 5.8 Hexes


You had 3 spell levels left.
You knew the following spells:

 Your Spells              Type           Power      Damage    Failure   Level
a - Corona                Hex            21%        N/A       1%          1
b - Confusing Touch       Hex            19%        N/A       6%          3

Your spell library contained the following spells:

 Spells                   Type           Power      Damage    Failure   Level
 Tukima's Dance           Hex            19%        N/A       6%          3
 Ensorcelled Hibernation  Hex/Ice        20%        N/A       10%         2
 Dazzling Flash           Conj/Hex       20%        N/A       21%         3
 Magic Dart               Conj           4%         1d3       22%         1
 Searing Ray              Conj           2%         3d3       32%         2
 Gell's Gravitas          Tloc           0%         N/A       54%         3
 Fulminant Prism          Conj/Hex       5%         3d7       54%         4
 Metabolic Englaciation   Hex/Ice        5%         N/A       88%         5
 Yara's Violent Unravell  Hex/Tmut       5%         3d4       88%         5
 Iskenderun's Mystic Bla  Conj/Tloc      1%         2d3       91%         4
 Petrify                  Tmut/Erth      1%         N/A       91%         4


Dungeon Overview and Level Annotations

Branches:
Dungeon (4/15)
 Temple: D:4-7

Altars:
Dithmenos
Fedhas
Wu Jian
Beogh

Shops:
D:4 [

Annotations:
D:3 3 runed translucent doors, oc3rt's ghost, amateur TeAE
D:4 Dowan; Duvessa


Innate Abilities, Weirdness & Mutations

Your natural rate of healing is accelerated.
You have razor-sharp teeth.
You have supernaturally acute eyesight. (SInv)
You are afflicted with vampirism and can become a bat while bloodless.
You are dopey. (Int -2)


Message History

The endoplasm is heavily wounded.
The endoplasm freezes you.
You are frozen.
You see here a wand of polymorph (10).
You hit the endoplasm. You freeze the endoplasm.
The endoplasm is almost dead.
The endoplasm barely misses you.
You hit the endoplasm. You freeze the endoplasm.
You kill the endoplasm!
The scorpion barely misses you.
Casting: Confusing Touch (dangerous; 5% risk of failure)
Confirm with . or Enter, or press ? or * to list all spells.
Your hands begin to glow red.
The scorpion stings you.
You hit the scorpion but do no damage.
The scorpion appears confused.
The scorpion stings you!
You are lethally poisoned!
The scorpion poisons you!
You are too injured to fight recklessly!
You are too injured to fight recklessly!
You hit the scorpion but do no damage.
* * * LOW HITPOINT WARNING * * *
You feel very sick. The scorpion closely misses you.
Okay, then.
* * * LOW HITPOINT WARNING * * *
You feel sick.
It was a potion of resistance.
You feel protected.
* * * LOW HITPOINT WARNING * * *
You feel sick.
It was a potion of attraction.
You feel attractive to monsters.
* * * LOW HITPOINT WARNING * * *
You feel sick. The scorpion is pulled toward you!
The worm is pulled toward you!
It was a potion of mutation.
You feel extremely strange.
You feel stupid.
* * * LOW HITPOINT WARNING * * *
You feel sick. The worm bites you!
You die...

##..w..##...######
#.....###........
#...s.##.........
#....##.........#...
#./...##.......##..#
#.#####.......###.#
#...#.........##..#
###w....#.........##
#.@.###..........##
##s.###(.........##
##......[......>....
##...................
##....................
#..........≈≈≈......##
##.........≈≈≈≈≈.....##
#............∩≈≈...(...
##.........≈≈≈≈≈.......


You could see a worm and a scorpion (confused).

Vanquished Creatures
  An adder (D:3)
  3 worms (D:2)
  2 dart slugs
  2 orcs
  5 bats
  4 endoplasms
  4 giant cockroaches (D:1)
  4 goblins
  5 hobgoblins
  6 jackals
  4 quokkas
  3 ball pythons
  4 frilled lizards
  6 kobolds
  18 rats
71 creatures vanquished.

Notes
Turn   | Place    | Note
-------+----------+-------------------------------------------
     0 | D:1      | karrick the Vampire Enchanter began the quest for the Orb.
     0 | D:1      | Reached XP level 1. HP: 13/13 MP: 3/3
   126 | D:1      | Found a faded altar of an unknown god.
   237 | D:1      | Reached XP level 2. HP: 19/19 MP: 5/5
   244 | D:1      | Reached skill level 5 in Hexes
   575 | D:1      | Reached skill level 5 in Stealth
   753 | D:2      | Gained mutation: You are afflicted with vampirism and can
                  | become a bat while bloodless. [Vampire growth]
   753 | D:2      | Reached XP level 3. HP: 15/24 MP: 6/6
   822 | D:2      | Found a shadowy altar of Dithmenos.
   893 | D:2      | Learned a level 3 spell: Confusing Touch
  1341 | D:3      | Reached skill level 6 in Stealth
  1503 | D:3      | Reached XP level 4. HP: 10/30 MP: 3/7
  2070 | D:3      | Found a runed translucent gate.
  2071 | D:3      | Found a runed translucent gate.
  2072 | D:3      | Found a runed translucent gate.
  2074 | D:3      | Noticed oc3rt's ghost (amateur TeAE)
  2114 | D:3      | Identified the +5 whip of the People {flame, rF+ rC++
                  | Int+3}
  2114 | D:3      | Identified the +4 scale mail "Toyxac Tasil" {rElec rPois
                  | rF- rC+++ Dex-5}
  2468 | D:4      | Found an ornate altar of the Wu Jian Council.
  2468 | D:4      | Found a shadowy altar of Dithmenos.
  2478 | D:4      | Found a blossoming altar of Fedhas.
  2686 | D:4      | Noticed Duvessa
  2793 | D:4      | Found Jiwk's Armour Emporium.
  2816 | D:4      | Noticed Dowan
  2932 | D:4      | Noticed a scorpion
  2955 | D:4      | Gained mutation: You are dopey. (Int -2) [potion of
                  | mutation]
  2955 | D:4      | Mangled by a worm

Illustrated notes

Levels and vault maps discovered:
D:1:      dpeg_arrival_castle, layout_basic, chequers_ecumenical_altar_simple
D:2:      layout_rooms, basic_altar, minmay_rat_gold_closets
D:3:      layout_basic, biasface_ghost_orc_armoury
D:4:      layout_cave_pools, grunt_temple_overflow_open, jmf_multi_god_temple2,
          makhleb_heckhound_becter, serial_shops, nicolae_shop_waterfront,
          uniq_duvessa

Skill      XL: |  1  2  3 |
---------------+----------+-----
Hexes          | 5 |  5.8
Stealth        | 5 6 |  6.3
Fighting       | |  0.1
Short Blades   | |  1.6
Dodging        | |  2.5
Spellcasting   | |  2.0

Action                   |  1- 3 |  4- 6 || total
-------------------------+-------+-------++-------
Melee: Dagger            |   143 |    50 ||   193
       Bite              |    13 |     3 ||    16
 Cast: Confusing Touch   |     3 |     6 ||     9
  Use: Potion            |       |     3 ||     3
 Stab: Sleeping          |    23 |     8 ||    31
       Confused          |     3 |     3 ||     6
Armor: Robe              |    19 |     4 ||    23
Dodge: Dodged            |    79 |    26 ||   105

Table legend: (Time is in decaauts)
 A = Elapsed time spent in this place.
 B = Non-inter-level travel time spent in this place.
 C = Inter-level travel time spent in this place.
 D = Time resting spent in this place.
 E = Time spent auto-exploring this place.
 F = Levels seen in this place.
 G = Mean time per level.
                   A        B        C        D        E       F      G
               +--------+--------+--------+--------+--------+-----+--------+
         Total |   2949 |   2862 |     87 |     26 |   2250 |   4 |  737.2 |
       Dungeon |   2949 |   2862 |     87 |     26 |   2250 |   4 |  737.2 |
               +--------+--------+--------+--------+--------+-----+--------+

Top non-repeatable levels by time:
     D:3: 1328 daAuts
     D:1: 722 daAuts
     D:2: 552 daAuts
     D:4: 346 daAuts
